 Dungeon Crawl Stone Soup version 0.26-a0-812-g31a745ddcd (webtiles) character file.

Game seed: 651476131546148360

425 nicanaca0 the Covert (level 6, -4/30 HPs)
             Began as a Vampire Brigand on Nov 23, 2020.
             Slain by an orc
             ... wielding a +0 club
              (5 damage)
             ... on level 5 of the Dungeon.
             The game lasted 00:10:00 (4459 turns).

nicanaca0 the Covert (Vampire Brigand)              Turns: 4459, Time: 00:10:01

Health: -4/30      AC:  6    Str:  5 (10) XL:     6   Next: 64%
Magic:  6/6        EV: 10    Int: 12 (13) God:
Gold:   243        SH:  0    Dex:  1 (18) Spells: 5/5 levels left

rFire    + . .     SeeInvis +   a - +2 dagger
rCold    + + .     Faith    .   (no shield)
rNeg     + + +     Spirit   .   g - +1 leather armour {rF+}
rPois    ∞         Reflect  .   j - +0 helmet
rElec    .         Harm     .   c - +0 cloak
rCorr    .         Rampage  .   (no gloves)
MR       .....                  (no boots)
Stlth    +++++.....             (no amulet)
HPRegen  0.00/turn              (no ring)
MPRegen  0.10/turn              (no ring)

@: bloodless
A: fangs 3, see invisible, [frail 1], unbreathing
a: Bat Form, Revivify


You were on level 5 of the Dungeon.
You visited 1 branch of the dungeon, and saw 5 of its levels.

You collected 243 gold pieces.

Inventory:

Hand Weapons
 a - a +2 dagger (weapon)
 b - a +0 hunting sling
 w - a +0 short sword of draining
 y - a +1 vampiric trident
Missiles
 d - 19 poisoned darts (quivered)
 e - 2 curare-tipped darts
 q - 2 silver javelins
 x - 91 stones
 C - 29 sling bullets
Armour
 c - a +0 cloak (worn)
 g - a +1 leather armour of fire resistance (worn)
 j - a +0 helmet (worn)
 l - a +0 pair of gloves
 v - a +0 robe
Scrolls
 f - 3 scrolls of identify {unknown}
 n - 2 scrolls of enchant weapon {unknown}
 o - a scroll of fog
 p - 4 scrolls of teleportation {unknown}
 r - a scroll of random uselessness {unknown}
 s - a scroll of amnesia {unknown}
 B - a scroll of remove curse {unknown}
Potions
 h - 2 potions of magic
 m - a potion of attraction
 u - a potion of curing {@q1}
 D - a potion of lignification {unknown}


   Skills:
 + Level 2.0 Fighting
 - Level 2.1 Short Blades
 - Level 3.0 Throwing
 + Level 3.7 Dodging
 * Level 9.8 Stealth


You had 5 spell levels left.
You didn't know any spells.
Your spell library was empty.

Dungeon Overview and Level Annotations

Branches:
Dungeon (5/15)
 Temple: D:4-7

Altars:
Uskayaw

Annotations:
D:5 Sigmund


Innate Abilities, Weirdness & Mutations

You do not regenerate when monsters are visible.
You are frail without blood (-20% HP).
You can heal yourself when you bite living creatures.
You are immune to poison.
You have razor-sharp teeth.
You have supernaturally acute eyesight. (SInv)
You can survive without breathing.
[You are frail. (-10% HP)]


Message History

You hit the orc.
The orc is heavily wounded.
The orc hits you with a +0 club.
* * * LOW HITPOINT WARNING * * *
The orc closely misses you.
There is an open door here.
The orc hits you with a +0 club.
* * * LOW HITPOINT WARNING * * *
Throwing (i - inventory. (/) - cycle)
d - 21 poisoned darts (quivered)
Press: ? - help, Shift-Dir - straight line, f - orc
Aim: an orc, wielding a +0 club and wearing a +0 leather armour You throw a poisoned dart.
The poisoned dart closely misses the orc.
The poisoned dart barely misses the orc.
Throwing (i - inventory. (/) - cycle)
d - 20 poisoned darts (quivered)
Press: ? - help, Shift-Dir - straight line, f/p - orc
Aim: an orc, wielding a +0 club and wearing a +0 leather armour You throw a poisoned dart.
The poisoned dart hits the orc.
The orc is poisoned.
The orc hits you with a +0 club.
You die...

#....#...##...#####+#
#...##().##...#.....#
#...##...##...#.....#
#.............'.....#
#........##...###...#
#........##'#####...##
#>.......#......#....#
#....oo..#......#....#
#...##@..##.....#....#
#...##...##†....#....#
#........##....###...#
#........####+####...##
#.................)....
##+###..<##............
#...##...##............
#.........#............
#.........#............


You could see 2 orcs.

Vanquished Creatures
  2 ogres (D:4)
  A quasit (D:5)
  2 worker ants
  2 gnolls (D:2)
  5 adders
  An ooze (D:3)
  An ufetubus (D:5)
  An adder skeleton (D:4)
  4 worms
  4 dart slugs
  A leopard gecko (D:2)
  7 orcs
  2 giant cockroaches (D:2)
  6 goblins
  8 hobgoblins
  8 kobolds
  A quokka (D:2)
  4 ball pythons
  12 bats
  11 frilled lizards
  2 leopard gecko skeletons
  8 rats
93 creatures vanquished.

Notes
Turn   | Place    | Note
-------+----------+-------------------------------------------
     0 | D:1      | nicanaca0 the Vampire Brigand began the quest for the Orb.
     0 | D:1      | Reached XP level 1. HP: 16/16 MP: 1/1
   136 | D:1      | Reached skill level 6 in Stealth
   302 | D:1      | Reached XP level 2. HP: 17/17 MP: 2/2
  1227 | D:2      | Reached XP level 3. HP: 24/24 MP: 3/3
  1321 | D:2      | Found a hide-covered altar of Uskayaw.
  1321 | D:2      | Noticed a +0 hand axe
  1321 | D:2      | Noticed a +0 hand axe
  1456 | D:2      | Reached skill level 7 in Stealth
  1893 | D:2      | Reached XP level 4. HP: 29/29 MP: 4/4
  3143 | D:4      | Noticed an ogre
  3153 | D:4      | Killed an ogre
  3153 | D:4      | Reached skill level 8 in Stealth
  3153 | D:4      | Reached XP level 5. HP: 33/38 MP: 5/5
  3397 | D:4      | Reached XP level 6. HP: 31/35 MP: 6/6
  3707 | D:4      | Reached skill level 9 in Stealth
  3998 | D:5      | Entered Level 5 of the Dungeon
  4384 | D:5      | Noticed Sigmund
  4457 | D:5      | HP: 1/30 [orc/+0 club (2)]
  4459 | D:5      | Slain by an orc

Illustrated notes

Levels and vault maps discovered:
D:1:      ncdulo_wetmaze, layout_basic, st_stairs_6
D:2:      minmay_chambers_of_twos, layout_loops_ring, dancing_weapons_uskayaw
D:3:      layout_rooms
D:4:      layout_basic
D:5:      layout_gridville, uniq_sigmund

Skill      XL: |  1  2  3  4  5  6 |
---------------+-------------------+-----
Stealth        | 6 7 8 9 |  9.8
Throwing       | 2 3 |  3.0
Dodging        | 2 3 |  3.7
Fighting       | 2 |  2.0
Short Blades   | |  2.1

Action                   |  1- 3 |  4- 6 || total
-------------------------+-------+-------++-------
Melee: Dagger            |   153 |   197 ||   350
       Bite              |    10 |    12 ||    22
 Fire: Hunting sling     |       |     3 ||     3
Throw: Dart              |       |    10 ||    10
 Abil: Exsanguinate      |     2 |     3 ||     5
       Revivify          |     1 |     1 ||     2
       Bat Form          |       |     1 ||     1
  Use: Scroll            |       |     1 ||     1
       Potion            |       |     8 ||     8
 Stab: Sleeping          |    13 |    16 ||    29
Armor: Leather armour    |    60 |   101 ||   161
Dodge: Dodged            |    78 |   183 ||   261

Table legend: (Time is in decaauts)
 A = Elapsed time spent in this place.
 B = Non-inter-level travel time spent in this place.
 C = Inter-level travel time spent in this place.
 D = Time resting spent in this place.
 E = Time spent auto-exploring this place.
 F = Levels seen in this place.
 G = Mean time per level.
                   A        B        C        D        E       F      G
               +--------+--------+--------+--------+--------+-----+--------+
         Total |   4380 |   4228 |    152 |    429 |   2685 |   5 |  876.0 |
       Dungeon |   4380 |   4228 |    152 |    429 |   2685 |   5 |  876.0 |
               +--------+--------+--------+--------+--------+-----+--------+

Top non-repeatable levels by time:
     D:2: 1294 daAuts
     D:1: 1219 daAuts
     D:4: 891 daAuts
     D:3: 539 daAuts
     D:5: 435 daAuts
